cohdb
Replays
Latest Replays
All Replays
Popular Replays
Top Player Replays
Match Explorer
How It Works
Community
CoH3 Stats
Reddit
Sign in to upload your games and track your stats! →
Sign in with Steam
Match 44600690
Unlisted
Match 44600690
Overview
Messages
Build Orders
End
Construct Infanterie Kompanie
MG 42 Machine Gun Team
MG 42 Machine Gun Team
Selects Terror Battlegroup
Grenadier Squad
Grenadier Squad
Grenadier Squad
Grenadier Squad
Infanterie Officer Quarters
Selects Machine Gun Camouflage
Selects Contempt for the Weak
Construct Panzergrenadier Kompanie
251 Medium Carrier
Pak 40 Anti-tank Gun Team
Selects Defend the Fatherland
Defend the Fatherland
Pak 40 Anti-tank Gun Team
Pak 40 Anti-tank Gun Team
Construct Panzer Kompanie
Panzer IV Medium Tank
JaegerMeisteR
SUPER_NOOB
tintin3461967
DutchTaylor
有色弱势装甲战斗群
W呆橘子W
Jarkke
维维豆奶
0
0
Comments
sign in to comment!
No comments posted yet!